 Dungeon Crawl Stone Soup version 0.19-a0-1886-gd64a0f0 (webtiles) character file.

75 JeffiDaFish the Conjurer (level 4, 0/33 HPs)
             Began as a Draconian Conjurer on Oct 16, 2016.
             Succumbed to an adder's poison
             ... on level 4 of the Dungeon.
             The game lasted 00:06:08 (1870 turns).

JeffiDaFish the Conjurer (Draconian Conjurer)       Turns: 1870, Time: 00:06:09

Health: 0/33       AC:  5    Str: 11    XL:     4   Next: 11%
Magic:  2/7        EV: 12    Int: 20    God:
Gold:   156        SH:  0    Dex: 11    Spells: 2 memorised, 4 levels left

rFire  . . .     SeeInvis .     k - +0 spear
rCold  . . .     Gourm    .     (armour unavailable)
rNeg   . . .     Faith    .     (no shield)
rPois  .         Spirit   +     (helmet restricted)
rElec  .         Dismiss  .     (no cloak)
rCorr  .         Reflect  .     (no gloves)
MR     .....     Harm     .     (no boots)
Stlth  ++........               e - amulet of guardian spirit
                                (no ring)
                                h - +4 ring of intelligence

@: lethally poisoned (0 -> -2)
A: unfitting armour, cold-blooded, AC +5
a: no special abilities


You were on level 4 of the Dungeon.
You were full.

You visited 1 branch of the dungeon, and saw 4 of its levels.

You collected 156 gold pieces.

Inventory:

Hand Weapons
 k - a +0 spear (weapon)
Jewellery
 e - an amulet of guardian spirit (around neck)
 h - a +4 ring of intelligence (left hand)
 i - an uncursed amulet of the gourmand
Potions
 d - 2 potions of haste
 f - a potion of flight
Books
 a - a book of Conjurations

   Spells                             Type                      Level
   a - Magic Dart                     Conjuration                  1
   b - Searing Ray                    Conjuration                  2
   c - Dazzling Spray                 Conjuration/Hexes            3
   d - Fulminant Prism                Conjuration/Hexes            4
   e - Iskenderun's Mystic Blast      Conjuration                  4
   f - Iskenderun's Battlesphere      Conjuration/Charms           5
Comestibles
 b - 2 bread rations
 c - 2 chunks of flesh


   Skills:
 + Level 0.2 Fighting
 + Level 2.1 Dodging
 + Level 1.9 Stealth
 + Level 1.8 Unarmed Combat
 + Level 2.1 Spellcasting
 + Level 4.9 Conjurations


You had 4 spell levels left.
You knew the following spells:

 Your Spells              Type           Power        Failure   Level  Hunger
a - Magic Dart            Conj           ###.         2%          1    #......
b - Searing Ray           Conj           ###...       3%          2    ##.....


Dungeon Overview and Level Annotations

Branches:
Dungeon (4/15)
 Temple: D:4-7

Altars:

Annotations:
D:3 Grinder


Innate Abilities, Weirdness & Mutations

Your plain brown scales are hard. (AC +5)
You cannot fit into any form of body armour.
You are cold-blooded and may be slowed by cold attacks.


Message History

You feel sick. The adder completely misses you.
You miss the adder.
The adder is severely wounded.
The adder bites you but does no damage.
You hit the adder.
You kill the adder!
You have reached level 4!
You feel clever.
* * * LOW HITPOINT WARNING * * *
You feel sick.
You start eating the meat ration.
You continue eating. x2
* * * LOW HITPOINT WARNING * * *
You feel sick.
You finish eating.
That meat ration really hit the spot!
* * * LOW HITPOINT WARNING * * *
You feel sick.
* * * LOW HITPOINT WARNING * * *
You feel sick.
You die...

# # #. ##.##.####
#........##
#..##...####
#.[..@...<.#
##.##...##......#
# ##.## $.S.#..
#.# ......# #..
....... #...
......#
..#.#....###
###.#....#


There were no monsters in sight!

Vanquished Creatures
  2 adders
  An ooze (D:1)
  A dart slug (D:1)
  3 leopard geckos
  An orc (D:2)
  4 bats
  3 giant cockroaches
  4 goblins (D:1)
  4 hobgoblins
  4 jackals (D:1)
  3 kobolds
  A ball python (D:2)
  5 frilled lizards (D:1)
  10 rats
46 creatures vanquished.

Notes
Turn   | Place    | Note
-------+----------+-------------------------------------------
     0 | D:1      | JeffiDaFish the Draconian Conjurer began the quest for the Orb.
     0 | D:1      | Reached XP level 1. HP: 14/14 MP: 3/3
   127 | D:1      | Reached XP level 2. HP: 20/20 MP: 1/5
   131 | D:1      | Learned a level 2 spell: Searing Ray
   795 | D:1      | Reached skill level 1 in Unarmed Combat
   795 | D:1      | Reached XP level 3. HP: 26/26 MP: 0/6
  1819 | D:3      | Noticed Grinder
  1824 | D:3      | Paralysed by Grinder for 5 turns
  1834 | D:3      | Paralysed by Grinder for 6 turns
  1856 | D:4      | Reached XP level 4. HP: 3/33 MP: 0/7
  1862 | D:4      | HP: 1/33 [poisoned by an adder]
  1870 | D:4      | Succumbed to an adder's poison

Vault maps used:
D:1:      shiori_shiawase
D:2:      first_bread
D:3:      eat_drink_and_be_merry_uskayaw, uniq_grinder
D:4:      uniq_crazy_yiuf_cottage

Skill      XL: |  1  2  3 |
---------------+----------+-----
Unarmed Combat | 1 |  1.8
Dodging        | 2 |  2.1
Fighting       | |  0.2
Stealth        | |  1.9
Spellcasting   | |  2.1
Conjurations   | |  4.9

Action                   |  1- 3 |  4- 6 || total
-------------------------+-------+-------++-------
Melee: Unarmed           |   110 |       ||   110
       Tailslap          |    13 |       ||    13
       Spear             |     6 |       ||     6
 Cast: Magic Dart        |    60 |       ||    60
       Searing Ray       |     1 |       ||     1
  Use: Scroll            |     5 |       ||     5
       Potion            |     4 |       ||     4
 Stab: Sleeping          |     1 |       ||     1
  Eat: Chunk             |     4 |       ||     4
       Meat ration       |       |     1 ||     1
Armor: Skin              |    37 |       ||    37
Dodge: Dodged            |    70 |       ||    70
